 Dungeon Crawl Stone Soup version 0.27.1-34-g3ba077fa99 (webtiles) character file.

Game seed: 4714873275838557349

14371 McKennaii the Thaumaturge (level 11, -2/74 HPs)
             Began as a Demigod Conjurer on Jan 11, 2022.
             Slain by a spriggan (7 damage)
             ... on level 2 of the Lair of Beasts.
             The game lasted 00:23:35 (13414 turns).

McKennaii the Thaumaturge (Demigod Conjurer)       Turns: 13414, Time: 00:23:36

Health: -2/74      AC: 15    Str:  9    XL:     11   Next: 57%
Magic:  11/29      EV: 15    Int: 33    God:
Gold:   616        SH:  0    Dex: 13    Spells: 11/30 levels left

rFire    . . .     SeeInvis .   l - staff of conjuration
rCold    + . .     Faith    .   (no shield)
rNeg     + . .     Spirit   .   F - +0 steam dragon scales
rPois    +         Reflect  .   D - +2 helmet
rElec    .         Harm     .   G - +0 cloak "Vuekeon" {+Blink rPois rC+}
rCorr    .         Rampage  .   e - +0 pair of gloves
Will     +....                  C - +1 pair of boots {Fly}
Stlth    ++........             o - amulet of magic regeneration
HPRegen  0.22/turn              g - ring of positive energy
MPRegen  0.46/turn              P - ring of the Octopus King {Fly AC+1 EV+1 Str+1 Int+1 Dex+1}

@: flying
A: high mp 1, forlorn
a: Evoke Blink


You were on level 2 of the Lair of Beasts.
You visited 2 branches of the dungeon, and saw 13 of its levels.
You also visited: Bailey.

You collected 616 gold pieces.

Inventory:

Hand Weapons
 s - a +0 spear of freezing
Armour
 e - a +0 pair of gloves (worn)
 r - a +3 scale mail of willpower
 C - a +1 pair of boots of flying (worn)
 D - a +2 helmet (worn)
 F - +0 steam dragon scales (worn)
 G - the +0 cloak "Vuekeon" (worn) {+Blink rPois rC+}
   (You found it on level 7 of the Dungeon)

   rC:        It protects you from cold.
   rPois:     It protects you from poison.
   +Blink:    It lets you blink.
 N - the +4 ring mail "Femead" {rC+}
   (You found it on level 9 of the Dungeon)

   rC:        It protects you from cold.
Magical Staves
 l - a staff of conjuration (weapon)
Jewellery
 g - a ring of positive energy (left hand)
 o - an amulet of magic regeneration (around neck)
 K - a ring of fire
 P - a ring of the Octopus King (right hand) {Fly AC+1 EV+1 Str+1 Int+1 Dex+1}
   (You found it on level 7 of the Dungeon)

   [ring of flight]

   AC:        It affects your AC (+1).
   EV:        It affects your evasion (+1).
   Str:       It affects your strength (+1).
   Int:       It affects your intelligence (+1).
   Dex:       It affects your dexterity (+1).
   Fly:       It grants you flight.
 S - a ring of ice
Wands
 u - a wand of charming (5)
 y - a wand of polymorph (7)
 H - a wand of mindburst (50)
 M - a wand of flame (11)
 T - a wand of paralysis (12)
Scrolls
 b - 2 scrolls of acquirement {unknown}
 f - a scroll of summoning {unknown}
 i - 5 scrolls of amnesia {unknown}
 k - 7 scrolls of teleportation
 m - 5 scrolls of noise {unknown}
 n - 2 scrolls of enchant armour {unknown}
 v - 2 scrolls of magic mapping {unknown}
 w - 11 scrolls of identify {unknown}
 A - 7 scrolls of immolation
 E - 2 scrolls of fog {unknown}
 I - 3 scrolls of enchant weapon {unknown}
 L - a scroll of holy word {unknown}
 Q - a scroll of vulnerability {unknown}
Potions
 a - 3 potions of curing
 c - 2 potions of mutation {unknown}
 d - 2 potions of might {unknown}
 h - 2 potions of brilliance {unknown}
 j - a potion of degeneration {unknown}
 p - 2 potions of lignification {unknown}
 q - 3 potions of cancellation {unknown}
 t - 2 potions of berserk rage {unknown}
 x - 2 potions of invisibility {unknown}
 z - a potion of heal wounds
 B - a potion of attraction {unknown}
 J - 2 potions of magic {unknown}
 O - a potion of ambrosia {unknown}
 R - a potion of resistance {unknown}


   Skills:
 + Level 5.5 Armour
 - Level 6.0 Dodging
 - Level 1.7 Stealth
 - Level 10.0 Spellcasting
 + Level 9.1 Conjurations
 - Level 2.0 Translocations
 + Level 8.1 Air Magic


You had 11 spell levels left.
You knew the following spells:

 Your Spells              Type           Power      Damage    Failure   Level
a - Magic Dart            Conj           100%       1d8       1%          1
b - Searing Ray           Conj           100%       3d7       1%          2
c - Iskenderun's Mystic   Conj/Tloc      68%        2d14      3%          4
d - Lightning Bolt        Conj/Air       42%        1d61      2%          5
e - Orb of Destruction    Conj           43%        9d14      50%         7

Your spell library contained the following spells:

 Spells                   Type           Power      Damage    Failure   Level
 Static Discharge         Conj/Air       84%        N/A       1%          2
 Dazzling Flash           Conj/Hex       100%       N/A       1%          3
 Iskenderun's Battlesphe  Conj           86%        2d13      1%          5
 Animate Skeleton         Necr           32%        N/A       2%          1
 Pain                     Necr           64%        1d7       2%          1
 Gell's Gravitas          Tloc           14%        N/A       3%          3
 Teleport Other           Tloc           29%        N/A       3%          3
 Fulminant Prism          Conj/Hex       31%        3d16      4%          4
 Vampiric Draining        Necr           8%         2d7       9%          3
 Fireball                 Conj/Fire      31%        3d13      12%         5
 Conjure Ball Lightning   Conj/Air       42%        3x3d15    13%         6
 Starburst                Conj/Fire      31%        6d10      56%         6
 Dispersal                Tloc           14%        N/A       88%         6
 Maxwell's Capacitive Co  Air            31%        ∞         100%        8


Dungeon Overview and Level Annotations

Branches:
Dungeon (11/15)            Temple (0/1) D:4            Lair (2/6) D:8
  Snake (0/4) Lair:2          Orc (0/2) D:11         Bailey (visited)
  Swamp: Lair:2-4    Shoals: Lair:2-4

Annotations:
D:11 Harold
Lair:2 Wuvuatt's ghost, journeyman MiBe


Innate Abilities, Weirdness & Mutations

Your attributes grow dramatically as you level up.
You have an increased reservoir of magic. (+10% MP)
You shall have no god before yourself.


Message History

The black bear is knocked back by the mystic blast.
Unknown command.
Unknown command.
Unknown command.
The black bear rages.
Casting: Iskenderun's Mystic Blast (dangerous; 3% risk of failure)
Confirm with . or Enter, or press ? or * to list all spells.
You feel a surge of power!
You erupt in a blast of force!
The mystic blast hits the spriggan rider!
The spriggan rider is heavily wounded.
The spriggan rider is knocked back by the mystic blast.
The mystic blast hits the black bear!
You kill the black bear!
The mystic blast hits the fungus!
The fungus begins to die.
The fungus is lightly damaged.
Unknown command.
Unknown command.
You see here a +6 ring of strength.
A nearby fungus withers and dies.
The spriggan rider hits you from afar with the +9 spear "Coraewo" {vorpal, rCorr Str+7 Int-3 Stlth+}.
The spriggan rider hits you from afar with the +9 spear "Coraewo" {vorpal, rCorr Str+7 Int-3 Stlth+}!
The spriggan rider hits you from afar with the +9 spear "Coraewo" {vorpal, rCorr Str+7 Int-3 Stlth+}!
Casting: Iskenderun's Mystic Blast (dangerous; 3% risk of failure)
Confirm with . or Enter, or press ? or * to list all spells.
You feel a surge of power!
You erupt in a blast of force!
The mystic blast hits the spriggan rider!!
You kill the hornet!
The spriggan falls from its now dead mount.
The spriggan is lightly wounded.
The spriggan is knocked back by the mystic blast.
The spriggan slams into the crystal wall!
Training target 6.0 for Dodging reached!
Your Dodging skill increases to level 6!
The spriggan hits you from afar with the +9 spear "Coraewo" {vorpal, rCorr Str+7 Int-3 Stlth+}!
Casting: Iskenderun's Mystic Blast (dangerous; 3% risk of failure)
Confirm with . or Enter, or press ? or * to list all spells.
Okay, then.
The spriggan hits you from afar with the +9 spear "Coraewo" {vorpal, rCorr Str+7 Int-3 Stlth+}!!
* * * LOW HITPOINT WARNING * * *
You die...

....#...............##...#.>.#...
...###..............#....)......#
...# ##.............#..#.#.#.).##
.P.# ##.##.<.......#.........##.
.P.# ####.........#..#.#...##..
.#.# ##...######.......##... ##.#
##.....#.##.#######.#.. ...#
##.............#....##.. ...#
#......@.i....#hW.=W.... ...#
##.###...#...##.##.h..†. ...#
#####...##.###..###..#. .#.#
###....#..#.#.####..♣♣ #..##
#.......#.W.†W#.....♣. #..P#
##...........#.>.....♣♣ #..###
####..#....#.#.###...#..♣♣
.....#.#...........#### #...##.#♣
...........P.......## ##....##.♣


You could see a spriggan.

Vanquished Creatures
  2 hydras
  The ghost of forever1922 the Cleaver, a novice HOFi of Okawaru (D:7)
  An oklob plant (Lair:1)
  A manticore (D:11)
  A black mamba (Lair:1)
  2 cane toads
  2 trolls
  A hornet (Lair:2)
  Sigmund (D:3)
  A spriggan (Lair:2)
  2 wraiths
  Eustachio (D:5)
  3 steam dragons (D:7)
  21 yaks
  A warg (D:11)
  6 nagas (Lair:2)
  2 acid dragons (D:10)
  3 water moccasins
  2 ice beasts
  8 orc warriors
  A sky beast (D:7)
  3 black bears
  A necrophage (D:4)
  3 ogres
  3 phantoms
  5 centaurs
  A kobold brigand (D:10)
  5 bullfrogs
  2 gnoll sergeants (D:8)
  3 water moccasin skeletons
  4 wights (D:7)
  6 electric eels (D:6)
  5 howler monkeys
  3 centaur zombies
  4 hounds
  4 orc priests
  2 bullfrog skeletons (D:7)
  2 centaur skeletons (D:7)
  Ijyb (D:5)
  Jessica (D:2)
  5 orc wizards
  A killer bee zombie (D:8)
  A hound skeleton (D:4)
  8 gnolls
  A howler monkey skeleton (D:5)
  7 adders
  A shadow imp (D:7)
  2 white imps
  3 dart slugs
  41 orcs
  7 endoplasms
  6 giant cockroaches
  17 goblins
  5 hobgoblins
  3 quokkas
  6 ball pythons
  6 bats
  A frilled lizard (D:2)
  26 kobolds
  7 rats
275 creatures vanquished.

Vanquished Creatures (others)
  An adder (D:6)
  7 fungi
  23 plants
31 creatures vanquished.

Grand Total: 306 creatures vanquished

Notes
Turn   | Place    | Note
-------+----------+-------------------------------------------
     0 | D:1      | McKennaii the Demigod Conjurer began the quest for the Orb.
     0 | D:1      | Reached XP level 1. HP: 14/14 MP: 5/5
    59 | D:1      | Reached skill level 2 in Spellcasting
   597 | D:1      | Reached XP level 2. HP: 20/20 MP: 4/8
  1111 | D:2      | Noticed Jessica
  1113 | D:2      | Killed Jessica
  1114 | D:2      | Reached skill level 3 in Spellcasting
  1114 | D:2      | Reached XP level 3. HP: 26/26 MP: 7/10
  1973 | D:3      | Reached XP level 4. HP: 33/33 MP: 7/12
  2015 | D:3      | Learned a level 2 spell: Searing Ray
  2020 | D:3      | Learned a level 4 spell: Iskenderun's Mystic Blast
  2094 | D:3      | Noticed Sigmund
  2140 | D:3      | Reached skill level 4 in Spellcasting
  2400 | D:3      | Killed Sigmund
  2401 | D:3      | Reached skill level 5 in Spellcasting
  2401 | D:3      | Reached XP level 5. HP: 31/38 MP: 1/16
  3053 | D:4      | Noticed an ice beast
  3065 | D:4      | Killed an ice beast
  3066 | D:4      | Reached skill level 1 in Translocations
  3066 | D:4      | Reached XP level 6. HP: 34/45 MP: 5/17
  3160 | D:4      | Found a staircase to the Ecumenical Temple.
  3660 | D:4      | Reached skill level 6 in Spellcasting
  3714 | D:4      | Reached XP level 7. HP: 50/50 MP: 11/20
  3893 | D:4      | Reached skill level 7 in Spellcasting
  4110 | D:5      | Entered Level 5 of the Dungeon
  4207 | D:5      | Noticed Ijyb
  4226 | D:5      | Killed Ijyb
  4737 | D:5      | Noticed Eustachio
  4759 | D:5      | Killed Eustachio
  4760 | D:5      | Reached skill level 8 in Spellcasting
  5048 | D:6      | Reached XP level 8. HP: 50/57 MP: 18/24
  5165 | D:6      | Learned a level 5 spell: Lightning Bolt
  5263 | D:6      | Reached skill level 1 in Air Magic
  6082 | D:7      | Identified the +0 cloak "Vuekeon" {+Blink rPois rC+}
  6119 | D:7      | Reached skill level 5 in Conjurations
  6229 | D:7      | Found a runed translucent door.
  6229 | D:7      | Found the ring of the Octopus King
  6230 | D:7      | Noticed forever1922's ghost (novice HOFi)
  6230 | D:7      | Noticed an eight-headed hydra
  6315 | D:7      | Reached skill level 9 in Spellcasting
  6367 | D:7      | Reached XP level 9. HP: 62/62 MP: 19/26
  7141 | D:8      | Found a staircase to the Lair.
  7200 | D:8      | Reached skill level 5 in Air Magic
  7730 | D:8      | Noticed an angel
  8290 | D:9      | Identified the +4 ring mail "Femead" {rC+}
  8721 | D:9      | Reached XP level 10. HP: 59/69 MP: 22/28
  8726 | D:9      | Reached skill level 1 in Armour
  8883 | D:7      | Killed an eight-headed hydra
  8884 | D:7      | Reached skill level 10 in Spellcasting
  8911 | D:7      | Killed forever1922's ghost
  8929 | D:7      | Identified a ring of the Octopus King {Fly AC+1 EV+1 Str+1
                  | Int+1 Dex+1}
  8995 | D:10     | Entered Level 10 of the Dungeon
 10052 | D:11     | Found a flagged portal.
 10066 | D:11     | Learned a level 7 spell: Orb of Destruction
 10067 | Bailey   | Entered a bailey
 10600 | D:11     | Found a staircase to the Orcish Mines.
 10624 | D:11     | Noticed a manticore
 10627 | D:11     | Killed a manticore
 10655 | D:11     | Noticed a skeletal warrior
 10760 | D:11     | Noticed a skeletal warrior
 10947 | D:11     | Noticed Harold
 10967 | D:11     | Noticed a skeletal warrior
 11471 | Lair:1   | Entered Level 1 of the Lair of Beasts
 11512 | Lair:1   | Reached XP level 11. HP: 74/74 MP: 25/29
 11795 | Lair:1   | Noticed a seven-headed hydra
 11801 | Lair:1   | Killed a seven-headed hydra
 11931 | Lair:1   | Reached skill level 5 in Dodging
 12668 | Lair:2   | Found a runed translucent door.
 13042 | Lair:2   | Reached skill level 5 in Armour
 13314 | Lair:2   | Found a staircase to the Snake Pit.
 13379 | Lair:2   | Noticed Wuvuatt's ghost (journeyman MiBe)
 13380 | Lair:2   | Identified the +9 spear "Coraewo" {vorpal, rCorr Str+7
                  | Int-3 Stlth+}
 13380 | Lair:2   | Noticed a spriggan rider
 13414 | Lair:2   | Slain by a spriggan

Illustrated notes

Levels and vault maps discovered:
D:1:      erik_arrival_cave_to_civilisation [erik_arrival_cave_to_hall],
          layout_rooms, hellmonk_ecumenical_altar_defaced_shrine
D:2:      layout_loops_cross, uniq_jessica
D:3:      layout_loops_ring, lemuel_doored_altar,
          mainiacjoe_overflow_tiny_flanked, nicolae_overflow_hidden_temple,
          uniq_sigmund
D:4:      layout_loops_ring, kennysheep_mini_moat, minmay_temple_entry_junction,
          serial_park_tiny_pond, amcnicky_mini_rare_corridor_liquid,
          minmay_quantized
D:5:      layout_basic, uniq_ijyb, uniq_eustachio
D:6:      layout_cave_pools, serial_bayou_lake_a
D:7:      layout_basic, tso_oasis_becter, lightli_temple_of_fire,
          ebering_ghost_inner_flame, serial_park_tiny_1, grunt_ministairs_11
D:8:      layout_basic, zin_angel, mainiacjoe_overflow_alcove_2,
          lair_entry_dummy
D:9:      layout_cave_pools, amcnicky_altar_gilded, overflow_temple_1_default,
          kennysheep_cross_bottleneck
D:10:     layout_cave_pools
D:11:     layout_gridville, erik_orc_4, enter_bailey_3, uniq_harold
Lair:1:   layout_chaotic_city, minmay_lair_oklob_chamber
Lair:2:   layout_gridlike, minmay_snake_entry_guardpost_large,
          ebering_ghost_funeral_grove, serial_bayou_pond_b

Skill      XL: |  1  2  3  4  5  6  7  8  9 10 11 |
---------------+----------------------------------+-----
Spellcasting   | 2 3 5 6 8 9 10 | 10.0
Translocations | 1 2 |  2.0
Air Magic      | 3 5 7 8 |  8.1
Conjurations   | 5 7 8 9 |  9.1
Dodging        | 2 4 6 |  6.0
Armour         | 4 5 |  5.5
Stealth        | |  1.7

Action                   |  1- 3 |  4- 6 |  7- 9 | 10-12 || total
-------------------------+-------+-------+-------+-------++-------
Melee: Unarmed           |       |     6 |     7 |       ||    13
       Spear             |       |       |     3 |     5 ||     8
       Staff             |       |       |       |    16 ||    16
 Cast: Magic Dart        |    67 |    90 |   216 |   221 ||   594
       Searing Ray       |       |    12 |    49 |    18 ||    79
       Lightning Bolt    |       |       |       |    38 ||    38
       Iskenderun's Myst |       |       |       |    42 ||    42
  Use: Potion            |       |       |       |     3 ||     3
       Scroll            |       |       |       |     2 ||     2
 Stab: Confused          |       |       |     1 |       ||     1
Armor: Robe              |     1 |     7 |    11 |       ||    19
       Steam dragon scal |       |       |    31 |    58 ||    89
Dodge: Dodged            |     1 |    15 |    81 |   112 ||   209
